 Dungeon Crawl Stone Soup version 0.31-a0-216-g22e908daa7 (webtiles) character file.

Game seed: 15206036944309069555

70 qw the Shooter (level 4, 0/26 HPs)
             Began as a Gargoyle Hexslinger on July 2, 2023.
             Slain by an orc
             ... wielding a +0 mace
              (2 damage)
             ... on level 3 of the Dungeon.
             The game lasted 00:00:45 (1696 turns).

qw the Shooter (Gargoyle Hexslinger)                Turns: 1696, Time: 00:00:46

Health: 0/26       AC:  8    Str: 11    XL:     4   Next: 22%
Magic:  5/5        EV: 10    Int: 14    God:
Gold:   124        SH:  0    Dex: 14    Spells: 4/5 levels left

rFire   . . .        Y - +2 sling
rCold   . . .        (no shield)
rNeg    + . .        j - +0 ring mail
rPois   inf          (no helmet)
rElec   +            (no cloak)
rCorr   .            (no gloves)
SInv    .            (no boots)
Will    .....        (no amulet)
Stlth   +            (no ring)
HPRegen 0.24/turn    (no ring)
MPRegen 0.09/turn

%: no passive effects
@: no status effects
A: sickness immunity, AC +3, negative energy resistance 1, electricity
resistance, torment resistance 1, petrification resistance
a: no special abilities


You were on level 3 of the Dungeon.
You visited 1 branch of the dungeon, and saw 3 of its levels.

You collected 124 gold pieces.


Innate Abilities, Weirdness & Mutations

You are immune to sickness and miasma.
Your stone body is resilient. (AC +3)
You are immune to poison.
You resist negative energy. (rN+)
You are resistant to electric shocks. (rElec)
You are resistant to unholy torment.
You are immune to petrification.


   Skills:
 - Level 2.0 Fighting
 - Level 4.0 Ranged Weapons
 + Level 0.4 Armour
 - Level 1.5 Dodging
 - Level 1.0 Spellcasting
 - Level 2.6 Hexes


You had 4 spell levels left.
You knew the following spells:

 Your Spells              Type           Power      Damage    Failure   Level
a - Slow                  Hex            32%        N/A       22%         1

Your spell library contained the following spells:

 Spells                   Type           Power      Damage    Failure   Level
 Inner Flame              Hex/Fire       4%         N/A       73%         3
 Portal Projectile        Hex/Tloc       8%         N/A       73%         3
 Cause Fear               Hex            4%         N/A       91%         4

Inventory:

Hand Weapons
 Y - a +2 sling (weapon)
Armour
 b - a +0 pair of gloves
 j - a +0 ring mail (worn)
Jewellery
 a - a ring of fire
Scrolls
 e - a scroll of identify
Potions
 f - a potion of curing
 k - 2 potions of haste
 o - a potion of degeneration {unknown}

Dungeon Overview and Level Annotations

Branches:
Dungeon (3/15)

Altars:


Message History

The orc wizard gestures at you while chanting.
You are confused.
1691 ||| DRINKING 2 potions of curing.
You feel better.
1691 ||| (to cure confusion)
The orc barely misses you.
You shoot a sling bullet. The sling bullet hits the orc wizard.
The orc wizard is heavily wounded.
The orc priest completely misses you. The orc hits you with a +0 dagger.
The orc wizard hits you but does no damage.
The orc barely misses you.
You shoot a sling bullet. The sling bullet hits the orc wizard.
The orc wizard is severely wounded.
The orc priest hits you but does no damage.
The orc wizard closely misses you. The orc hits you but does no damage.
The orc hits you with a +0 mace. The orc closely misses you.
The orc priest hits you but does no damage.
The orc barely misses you.
The orc wizard hits you with a +0 dagger.
You shoot a sling bullet. The sling bullet hits the orc wizard.
The orc wizard is almost dead.
The orc hits you but does no damage.
The orc priest hits you with a +0 hand axe.
The endoplasm misses you.
The orc wizard hits you with a +0 dagger.
The orc closely misses you.
You shoot a sling bullet.
The sling bullet hits the orc wizard but does no damage.
The orc wizard is almost dead.
The endoplasm hits you but does no damage.
The orc hits you but does no damage.
The orc priest hits you with a +0 hand axe.
The orc wizard hits you but does no damage.
The orc hits you with a +0 mace.
You shoot a sling bullet. The sling bullet hits the orc wizard.
You kill the orc wizard!
The endoplasm freezes you.
You are frozen.
The orc priest hits you but does no damage.
The orc hits you but does no damage. x2; The orc hits you with a +0 mace.
You die...

# #. #.. #...
.....###########
......o)#......#
.o...#@#.####.#
#.....ooJ.####.#
...............#
##.....######..#
....#......##..####
.#....# #........#
...... ########.#
...... ###...#
......# #....##


You could see an orc priest, 2 orcs and an endoplasm.

Vanquished Creatures
  An orc wizard (D:3)
  2 adders (D:2)
  A worm (D:2)
  A dart slug (D:1)
  5 ball pythons
  A bat (D:1)
  5 endoplasms
  A giant cockroach (D:1)
  7 goblins
  3 hobgoblins
  3 jackals
  2 quokkas
  3 frilled lizards
  8 kobolds
  2 rats
45 creatures vanquished.

Notes
Turn   | Place    | Note
-------+----------+-------------------------------------------
     0 | D:1      | qw the Gargoyle Hexslinger began the quest for the Orb.
     0 | D:1      | Reached XP level 1. HP: 12/12 MP: 2/2
     0 | D:1      | 0 ||| qw: Version: 0.3-a-35-g05ef00e
     0 | D:1      | 0 ||| qw: Game counter: 7782
     0 | D:1      | 0 ||| qw: Melee chars always use a shield: true
     0 | D:1      | 0 ||| qw: God list: Okawaru
     0 | D:1      | 0 ||| qw: Allow faded altars: false
     0 | D:1      | 0 ||| qw: Do Orc after clearing Dungeon:15 true
     0 | D:1      | 0 ||| qw: Do second Lair branch before Depths: true
     0 | D:1      | 0 ||| qw: Lair rune preference: random
     0 | D:1      | 0 ||| qw: Goals: Normal
     0 | D:1      | 0 ||| PLANNING D:1-11
   151 | D:1      | Reached XP level 2. HP: 16/16 MP: 3/3
   279 | D:1      | Reached skill level 3 in Ranged Weapons
   280 | D:1      | 280 ||| FLEEEEING.
   288 | D:1      | 288 ||| FLEEEEING.
   289 | D:1      | 289 ||| FLEEEEING.
   371 | D:1      | Found a faded altar of an unknown god.
   500 | D:1      | 500 ||| FLEEEEING.
   501 | D:1      | 501 ||| FLEEEEING.
   502 | D:1      | 502 ||| FLEEEEING.
   503 | D:1      | 503 ||| FLEEEEING.
   504 | D:1      | 504 ||| FLEEEEING.
   505 | D:1      | 505 ||| FLEEEEING.
   561 | D:1      | Reached XP level 3. HP: 21/21 MP: 4/4
   786 | D:1      | 786 ||| UPGRADING to +0 leather armour.
   796 | D:1      | 796 ||| DROPPING +0 robe.
   797 | D:1      | 797 ||| UPGRADING to +0 ring mail.
   807 | D:1      | 807 ||| DROPPING +0 leather armour.
   808 | D:1      | 808 ||| READING scroll labelled BODOUG KAXIRPHOPP.
   809 | D:1      | 809 ||| READING 3 scrolls labelled BAES GOGEUGER.
   810 | D:1      | 810 ||| READING scroll labelled MECLIL AFIMUFFU.
   811 | D:1      | 811 ||| READING scroll labelled LUTYHISHUN.
   811 | D:1      | Identified a scroll of acquirement
   811 | D:1      | 811 ||| ACQUIRING ring of fire
   811 | D:1      | Acquired a ring of fire
   813 | D:1      | 813 ||| READING scroll labelled GEGIOH JEOTWE.
   814 | D:1      | 814 ||| READING scroll labelled GELUGY ON BOI.
   815 | D:1      | 815 ||| DRINKING 2 bubbling green potions.
   816 | D:1      | 816 ||| READING 2 scrolls of identify.
   816 | D:1      | 816 ||| IDENTIFYING silvery potion
   817 | D:1      | 817 ||| DROPPING scroll of poison.
   818 | D:1      | 818 ||| DROPPING potion of brilliance.
   893 | D:2      | HP: 4/21 [worm (3)]
  1342 | D:2      | Reached XP level 4. HP: 26/26 MP: 5/5
  1523 | D:2      | Reached skill level 4 in Ranged Weapons
  1556 | D:2      | 1556 ||| READING scroll labelled RUZOTS NUQYK.
  1576 | D:2      | 1576 ||| DRINKING 2 sedimented amethyst potions.
  1577 | D:2      | 1577 ||| READING 2 scrolls of identify.
  1577 | D:2      | 1577 ||| IDENTIFYING metallic white potion
  1578 | D:2      | 1578 ||| DROPPING potion of attraction.
  1686 | D:3      | 1686 ||| Stepping ~*~*~tactically~*~*~ (outnumbered).
  1691 | D:3      | 1691 ||| DRINKING 2 potions of curing.
  1691 | D:3      | 1691 ||| (to cure confusion)
  1695 | D:3      | HP: 3/26 [orc/+0 mace (4)]
  1696 | D:3      | Slain by an orc

Levels and vault maps discovered:
D:1:      dpeg_arrival_water_temple_mockup, layout_loops_ring,
          hellmonk_ecumenical_altar_crossroads, st_stairs_4
D:2:      layout_loops_ring, minmay_surrounded
D:3:      layout_basic, minmay_strange_pillars

Skill      XL: |  1  2  3  4 |
---------------+-------------+-----
Ranged Weapons | 3 4 |  4.0
Fighting       | 2 |  2.0
Armour         | |  0.4
Dodging        | |  1.5
Spellcasting   | |  1.0
Hexes          | |  2.6

Action                     |  1- 3 |  4- 6 || total
---------------------------+-------+-------++-------
   Fire: Sling             |   121 |    37 ||   158
    Use: Scroll            |     7 |     2 ||     9
         Potion            |     1 |     2 ||     3
 Armour: Robe              |    10 |       ||    10
         Ring mail         |    12 |    19 ||    31
  Dodge: Dodged            |    32 |    24 ||    56

Table legend:
 A = Non-vault XP
 B = Vault XP
 C = Vault XP percentage of total XP
 D = Non-vault monster count
 E = Vault monster count
 F = Vault count percentage of total count
                 A         B        C        D         E       F
            +---------+---------+-------+---------+---------+-------
      Total |     124 |      12 |   8.8 |      39 |       6 |  13.3
            +---------+---------+-------+---------+---------+-------
        D:1 |      34 |       2 |   5.6 |      19 |       1 |   5.0
        D:2 |      47 |      10 |  17.5 |      14 |       5 |  26.3
        D:3 |      43 |       0 |   0.0 |       6 |       0 |   0.0
            +---------+---------+-------+---------+---------+-------
